 Dungeon Crawl Stone Soup version 0.31-a0-692-gf03d1854d5 (webtiles) character file.

Game seed: 539456005912711147

121 qw the Shooter (level 5, -1/32 HPs)
             Began as a Gargoyle Hunter on Sept 6, 2023.
             Shot with an arrow by a centaur (4 damage)
             ... on level 4 of the Dungeon.
             The game lasted 00:00:54 (2173 turns).

qw the Shooter (Gargoyle Hunter)                    Turns: 2173, Time: 00:00:55

Health: -1/32      AC: 10    Str: 14    XL:     5   Next: 5%
Magic:  0/5        EV: 11    Int: 10    God:
Gold:   182        SH:  0    Dex: 15    Spells: 4/4 levels left

rFire   + . .        Y - +0 shortbow
rCold   + . .        (shield currently unavailable)
rNeg    + . .        g - +0 ring mail
rPois   inf          (no helmet)
rElec   +            j - scarf {rC+ rF+}
rCorr   +            (no gloves)
SInv    .            k - +0 pair of boots
Will    +....        f - amulet of guardian spirit
Stlth   +            b - ring of willpower
HPRegen 0.25/turn    c - ring of resist corrosion
MPRegen 0.09/turn

%: guardian spirit
@: no status effects
A: sickness immunity, AC +4, negative energy resistance 1, electricity
resistance, torment resistance 1, petrification resistance
a: no special abilities


You were on level 4 of the Dungeon.
You visited 1 branch of the dungeon, and saw 4 of its levels.

You collected 182 gold pieces.


Innate Abilities, Weirdness & Mutations

You are immune to sickness and miasma.
Your stone body is resilient. (AC +4)
You are immune to poison.
You resist negative energy. (rN+)
You are resistant to electric shocks. (rElec)
You are resistant to unholy torment.
You are immune to petrification.


   Skills:
 - Level 3.0 Fighting
 + Level 5.7 Ranged Weapons
 - Level 1.3 Armour
 - Level 1.5 Dodging
 - Level 1.1 Stealth


You had 4 spell levels left.
You didn't know any spells.
Your spell library was empty.

Inventory:

Hand Weapons
 Y - a +0 shortbow (weapon)
Armour
 g - a +0 ring mail (worn)
 j - a scarf of resistance (worn)
 k - a +0 pair of boots (worn)
Jewellery
 b - a ring of willpower (left hand)
 c - a ring of resist corrosion (right hand)
 e - a ring of ice
 f - an amulet of guardian spirit (around neck)
Scrolls
 d - a scroll of identify
Potions
 a - a potion of enlightenment {unknown}
 h - a potion of curing
 i - a potion of degeneration {unknown}
 m - a potion of heal wounds {unknown}

Dungeon Overview and Level Annotations

Branches:
Dungeon (4/15)
 Temple: D:4-7

Altars:
Hepliaklqana
Uskayaw
Vehumet

Shops:
D:1 ==[!(


Message History

You shoot an arrow. The arrow hits the adder.
You kill the adder!
You have reached level 5!
You start resting.
HP restored.
Found a stone staircase leading down.
d - a scroll of identify
Found a stone staircase leading down.
Found a stone staircase leading up.
Enter note: A centaur comes into view.
The centaur shouts!
The centaur wields a +0 orcbow.
The centaur shoots an arrow.
The arrow barely misses you.
The centaur shoots an arrow.
The arrow hits you!
You shoot an arrow. The arrow hits the centaur.
The centaur is lightly wounded.
The centaur shoots an arrow.
The arrow hits you.
You shoot an arrow.
The arrow hits the centaur but does no damage.
The centaur is lightly wounded.
The centaur shoots an arrow.
The arrow barely misses you.
The centaur shoots an arrow.
The arrow hits you!
You shoot an arrow.
The arrow hits the centaur but does no damage.
The centaur is lightly wounded.
The centaur shoots an arrow.
The arrow closely misses you.
The centaur shoots an arrow.
The arrow barely misses you.
You shoot an arrow. The arrow hits the centaur.
The centaur is moderately wounded.
You shoot an arrow. The arrow hits the centaur.
The centaur is heavily wounded.
The centaur shoots an arrow.
The arrow closely misses you.
The centaur shoots an arrow.
The arrow hits you!
You shoot an arrow. The arrow hits the centaur.
The centaur is heavily wounded.
The centaur shoots an arrow.
The arrow hits you!
You shoot an arrow. The arrow hits the centaur.
The centaur is severely wounded.
The centaur shoots an arrow.
The arrow hits you.
You die...

.#. #....# ...# #....#
... ...###....#### ##..
.>.##......#.# ...#
#.......#...## ...#
#......##...# ##..##
#..........## #....###
#..........#####......#.
#....####....##.@....c..
.....## ##..............
..##..# #.........<....
#####..# ##...........#.
#..##............#
..##...........## .
...............# ..
................ ....
................


You could see a centaur.

Vanquished Creatures
  Natasha (D:2)
  5 adders
  3 worms (D:2)
  4 ball pythons
  3 endoplasms
  A giant cockroach (D:3)
  2 hobgoblins
  9 jackals
  2 quokkas
  3 bats
  2 frilled lizards (D:2)
  4 goblins
  4 kobolds
  A rat (D:1)
44 creatures vanquished.

Notes
Turn   | Place    | Note
-------+----------+-------------------------------------------
     0 | D:1      | qw the Gargoyle Hunter began the quest for the Orb.
     0 | D:1      | Reached XP level 1. HP: 12/12 MP: 1/1
     0 | D:1      | 0 ||| qw: Version: 0.3-a-76-g4403597
     0 | D:1      | 0 ||| qw: Game counter: 221
     0 | D:1      | 0 ||| qw: Melee chars always use a shield: true
     0 | D:1      | 0 ||| qw: God list: Okawaru
     0 | D:1      | 0 ||| qw: Allow faded altars: false
     0 | D:1      | 0 ||| qw: Do Orc after clearing Dungeon:15 true
     0 | D:1      | 0 ||| qw: Do second Lair branch before Depths: true
     0 | D:1      | 0 ||| qw: Lair rune preference: random
     0 | D:1      | 0 ||| qw: Goals: Normal
     0 | D:1      | 0 ||| PLANNING D:1-11
    79 | D:1      | Found Supt's Antique Weapon Emporium.
    86 | D:1      | 86 ||| SHOPLISTING glowing sling (108 gold, have 0).
   213 | D:1      | Found Cocegobuen's Antique Armour Shop.
   226 | D:1      | 226 ||| SHOPLISTING bloodstained ring mail (270 gold, have
                  | 0).
   226 | D:1      | 226 ||| SHOPLISTING runed helmet (225 gold, have 0).
   226 | D:1      | 226 ||| SHOPLISTING shimmering leather armour (210 gold,
                  | have 0).
   264 | D:1      | Reached XP level 2. HP: 17/17 MP: 2/2
   325 | D:1      | Found Owkail's Jewellery Boutique.
   329 | D:1      | 329 ||| SHOPLISTING +5 ring of evasion (504 gold, have 13).
   329 | D:1      | 329 ||| SHOPLISTING +6 ring of dexterity (504 gold, have
                  | 13).
   329 | D:1      | 329 ||| SHOPLISTING +6 ring of strength (504 gold, have
                  | 13).
   329 | D:1      | 329 ||| SHOPLISTING amulet of the acrobat (420 gold, have
                  | 13).
   329 | D:1      | 329 ||| SHOPLISTING ring "Wojojua" {Drain rPois rN+++ Dex+6
                  | Stlth+} (915 gold, have 13).
   329 | D:1      | 329 ||| SHOPLISTING ring of resist corrosion (280 gold,
                  | have 13).
   354 | D:1      | Found Xomn's Jewellery Shoppe.
   361 | D:1      | 361 ||| SHOPLISTING +4 ring of slaying (1092 gold, have
                  | 13).
   361 | D:1      | 361 ||| SHOPLISTING +6 ring of strength (504 gold, have
                  | 13).
   361 | D:1      | 361 ||| SHOPLISTING amulet of reflection (420 gold, have
                  | 13).
   361 | D:1      | 361 ||| SHOPLISTING amulet of regeneration (420 gold, have
                  | 13).
   361 | D:1      | 361 ||| SHOPLISTING ring of ice (350 gold, have 13).
   361 | D:1      | 361 ||| SHOPLISTING ring of positive energy (280 gold, have
                  | 13).
   361 | D:1      | 361 ||| SHOPLISTING ring of protection from cold (350 gold,
                  | have 13).
   361 | D:1      | 361 ||| SHOPLISTING ring of resist corrosion (280 gold,
                  | have 13).
   361 | D:1      | 361 ||| SHOPLISTING ring of willpower (350 gold, have 13).
   658 | D:1      | Found Wotsuhua's Distillery.
   666 | D:1      | 666 ||| SHOPLISTING 2 potions of heal wounds (130 gold,
                  | have 38).
   666 | D:1      | 666 ||| SHOPLISTING potion of enlightenment (65 gold, have
                  | 38).
   666 | D:1      | 666 ||| SHOPLISTING potion of heal wounds (65 gold, have
                  | 38).
   811 | D:1      | 811 ||| UPGRADING to +0 ring mail.
   821 | D:1      | 821 ||| DROPPING +0 leather armour.
   822 | D:1      | 822 ||| UPGRADING to scarf of resistance.
   827 | D:1      | 827 ||| UPGRADING to +0 pair of boots.
   832 | D:1      | 832 ||| DROPPING amulet of magic regeneration.
   833 | D:1      | 833 ||| READING scroll labelled OLLIRU TENG.
   834 | D:1      | 834 ||| READING scroll labelled CIMEIRCHAMIE.
   835 | D:1      | 835 ||| READING scroll labelled OSHRAPHEILLE.
   836 | D:1      | 836 ||| DROPPING scroll of butterflies.
   898 | D:2      | Reached skill level 1 in Armour
   957 | D:2      | 957 ||| FLEEEEING.
   958 | D:2      | 958 ||| FLEEEEING.
   959 | D:2      | 959 ||| FLEEEEING.
   967 | D:2      | 967 ||| STAIRDANCE
  1007 | D:2      | Reached XP level 3. HP: 21/21 MP: 3/3
  1089 | D:2      | You fall into a shaft and drop 1 floor!
  1129 | D:2      | Reached skill level 5 in Ranged Weapons
  1284 | D:2      | Found a faded altar of an unknown god.
  1314 | D:2      | Reached XP level 4. HP: 27/27 MP: 4/4
  1392 | D:2      | 1392 ||| DRINKING 2 bubbling pink potions.
  1443 | D:2      | 1443 ||| DROPPING potion of lignification.
  1480 | D:3      | Noticed Natasha
  1481 | D:3      | 1481 ||| STAIRDANCE
  1484 | D:2      | Reached skill level 3 in Fighting
  1486 | D:3      | 1486 ||| STAIRDANCE
  1491 | D:3      | 1491 ||| STAIRDANCE
  1598 | D:3      | 1598 ||| STAIRDANCE
  1603 | D:2      | Killed Natasha
  2004 | D:3      | Found a hazy altar of Hepliaklqana.
  2009 | D:3      | Found a hide-covered altar of Uskayaw.
  2013 | D:3      | Found a radiant altar of Vehumet.
  2033 | D:3      | 2033 ||| UPGRADING to amulet of guardian spirit.
  2038 | D:3      | 2038 ||| UPGRADING to ring of willpower.
  2039 | D:3      | 2039 ||| READING scroll labelled GIURGH VYIXKIWK.
  2039 | D:3      | Identified a scroll of acquirement
  2039 | D:3      | 2039 ||| ACQUIRING ring of resist corrosion
  2039 | D:3      | Acquired a ring of resist corrosion
  2041 | D:3      | 2041 ||| UPGRADING to ring of resist corrosion.
  2042 | D:3      | 2042 ||| READING scroll labelled NEYZESA QOAK.
  2047 | D:3      | 2047 ||| DRINKING 2 fuming puce potions.
  2057 | D:4      | 2057 ||| STAIRDANCE
  2074 | D:4      | 2074 ||| STAIRDANCE
  2114 | D:4      | 2114 ||| STAIRDANCE
  2125 | D:4      | Reached XP level 5. HP: 31/32 MP: 5/5
  2166 | D:4      | Noticed a centaur
  2172 | D:4      | HP: 2/32 [centaur/arrow (10)]
  2173 | D:4      | Shot with an arrow by a centaur

Levels and vault maps discovered:
D:1:      sevenhm_arrival_forest_fort_large_4, layout_basic, serial_shops,
          nicolae_shop_stone, shop, nicolae_square_shop,
          nicolae_shop_back_alley_shop, shop
D:2:      layout_rooms, shapermc_ecumenical_altar_venn
D:3:      layout_rooms, minmay_overflow_temple_star_quad, uniq_natasha
D:4:      layout_layer_cave, serial_bayou_crossing, uniq_crazy_yiuf_cottage,
          uniq_robin, uniq_ijyb

Skill      XL: |  1  2  3  4 |
---------------+-------------+-----
Armour         | 1 |  1.3
Ranged Weapons | 5 |  5.7
Fighting       | 3 |  3.0
Dodging        | |  1.5
Stealth        | |  1.1

Action                     |  1- 3 |  4- 6 || total
---------------------------+-------+-------++-------
   Fire: Shortbow          |   128 |    55 ||   183
    Use: Scroll            |     3 |     2 ||     5
         Potion            |       |     2 ||     2
 Armour: Leather armour    |     5 |       ||     5
         Ring mail         |    42 |    46 ||    88
  Dodge: Dodged            |    41 |    29 ||    70

Table legend:
 A = Non-vault XP
 B = Vault XP
 C = Vault XP percentage of total XP
 D = Non-vault monster count
 E = Vault monster count
 F = Vault count percentage of total count
                 A         B        C        D         E       F
            +---------+---------+-------+---------+---------+-------
      Total |     139 |      35 |  20.1 |      43 |       1 |   2.3
            +---------+---------+-------+---------+---------+-------
        D:1 |      16 |       0 |   0.0 |      11 |       0 |   0.0
        D:2 |      77 |      35 |  31.2 |      19 |       1 |   5.0
        D:3 |      31 |       0 |   0.0 |      11 |       0 |   0.0
        D:4 |      15 |       0 |   0.0 |       2 |       0 |   0.0
            +---------+---------+-------+---------+---------+-------
